 Dungeon Crawl Stone Soup version 0.25-a0-1079-g858b6a6ff6 (webtiles) character file.

Game seed: 8450029211272739675, levelgen mode: deterministic

79 Flugslaktarn the Covered (level 4, -1/42 HPs)
             Began as a Deep Dwarf Fighter on May 15, 2020.
             Killed by divine providence
             ... invoked by an orc priest
              (14 damage)
             ... while paralysed by Grinder
             ... on level 4 of the Dungeon.
             The game lasted 00:00:27 (392 turns).

Flugslaktarn the Covered (Deep Dwarf Fighter)        Turns: 392, Time: 00:00:28

Health: -1/42      AC:  7    Str: 20    XL:     4   Next: 17%
Magic:  4/4        EV:  2    Int:  9    God:
Gold:   39         SH:  0    Dex: 12    Spells: 3/3 levels left

rFire    . . .     SeeInvis .   a - +0 war axe
rCold    . . .     Gourm    .   c - +0 kite shield
rNeg     . . .     Faith    .   b - +0 scale mail
rPois    .         Spirit   .   (no helmet)
rElec    .         Reflect  .   (no cloak)
rCorr    .         Harm     .   (no gloves)
MR       .....                  (no boots)
Stlth    ..........             (no amulet)
HPRegen  0.00/turn              (no ring)
MPRegen  0.09/turn              (no ring)

@: paralysed, non-regenerating
A: damage resistance, heal wounds, sense surroundings 1, no regeneration
a: Heal Wounds


You were on level 4 of the Dungeon.
You were not hungry.

You visited 1 branch of the dungeon, and saw 5 of its levels.

You collected 39 gold pieces.

Inventory:

Hand Weapons
 a - a +0 war axe (weapon)
Armour
 b - a +0 scale mail (worn)
 c - a +0 kite shield (worn)
Scrolls
 f - a scroll of identify {unknown}
 h - 2 scrolls of teleportation {unknown}
 k - 4 scrolls of enchant armour {unknown}
Potions
 d - a potion of might
 i - a potion of flight {unknown}
 j - a potion of curing {unknown}
Comestibles
 e - a ration
 g - 3 chunks of flesh


   Skills:
 + Level 3.1 Fighting
 * Level 3.5 Axes
 + Level 3.8 Armour
 + Level 3.8 Shields


You had 3 spell levels left.
You didn't know any spells.
Your spell library was empty.

Dungeon Overview and Level Annotations

Branches:
Dungeon (5/15)
 Temple: D:4-7

Altars:

Annotations:
D:4 Grinder


Innate Abilities, Weirdness & Mutations

You are resistant to damage.
You can heal yourself by infusing magical energy.
You passively map a small area around you.
You do not regenerate.


Message History

You closely miss something. You hit the hound.
The hound bites you but does no damage. Something hits you but does no damage.
You block the hound's attack.
The orc priest calls down the wrath of Beogh upon you.
Beogh smites you! Something hits you but does no damage.
Grinder blinks!
Your shield and scale mail prevent you from hitting the orc priest.
The orc priest is moderately wounded.
You hit something. You hit the hound. The hound closely misses you.
The orc priest begins to cast a cantrip, but forgets the words!
You block the hound's attack. Something hits you but does no damage.
You block the orc priest's attack.
Your scale mail prevents you from hitting the orc priest.
The orc priest is moderately wounded.
You closely miss something. You closely miss the hound. The hound bites you.
Grinder gestures at you.
You suddenly lose the ability to move!
Something hits you. The hound bites you but does no damage.
The orc priest mumbles some strange prayers to Beogh against you.
Beogh smites you!
You die...

, ,, ... , , .^, ⌠..
... , ,,,... ... *
...#######.+####...
.................. , ,
* ..<.............#
................# , ,
......)o........# , ,+
* ......{@........#
......)h!.......# ,
..........##'#### + *
, ..5.......#.....# ,
+ ###.......#.....#
,#.......#.....# , ,,
+.......#....##, ,
#.......#....########,
*
#.......#....##.....#


You could see Grinder, a hound and an orc priest.

Vanquished Creatures
  A bullfrog zombie (D:5)
  A hound skeleton (D:4)
  An adder (D:2)
  2 orcs (D:4)
  3 giant cockroaches
  2 hobgoblins (D:1)
  3 jackals (D:1)
  2 kobolds
  A quokka (D:2)
  3 bats
  3 frilled lizards
  2 rats (D:2)
24 creatures vanquished.

Notes
Turn   | Place    | Note
-------+----------+-------------------------------------------
     0 | D:1      | Flugslaktarn the Deep Dwarf Fighter began the quest for the
                  | Orb.
     0 | D:1      | Reached XP level 1. HP: 20/20 MP: 1/1
    84 | D:1      | Reached XP level 2. HP: 22/27 MP: 2/2
   305 | D:3      | Reached XP level 3. HP: 25/33 MP: 3/3
   348 | D:5      | Entered Level 5 of the Dungeon
   382 | D:4      | Reached XP level 4. HP: 42/42 MP: 4/4
   387 | D:4      | Noticed Grinder
   392 | D:4      | Paralysed by Grinder for 7 turns
   392 | D:4      | Killed from afar by an orc priest

Illustrated notes

Levels and vault maps discovered:
D:1:      sevenhm_arrival_forest_fort_large_2, layout_loops_ring,
          minmay_crystal_room
D:2:      layout_basic, xom_butterflies
D:3:      layout_rooms, elyvilon_altar_3, nicolae_overflow_hidden_temple,
          grunt_decor_resistance, grunt_ministairs_12, corexii_hall_statues_u,
          uniq_ijyb
D:4:      layout_gridville, temple_fountains, first_ration, uniq_grinder
D:5:      layout_basic, lemuel_doored_altar, nicolae_qazlal_general_emergency

Skill      XL: |  1  2  3 |
---------------+----------+-----
Axes           | 3 |  3.5
Fighting       | 3 |  3.1
Armour         | |  3.8
Shields        | |  3.8

Action                   |  1- 3 |  4- 6 || total
-------------------------+-------+-------++-------
Melee: War axe           |    85 |     8 ||    93
 Abil: Heal Wounds       |     1 |       ||     1
Armor: Scale mail        |    61 |     9 ||    70
Dodge: Dodged            |    32 |     5 ||    37
Block: Kite shield       |    61 |     9 ||    70

Table legend:
 A = Non-vault XP
 B = Vault XP
 C = Vault XP percentage of total XP
 D = Non-vault monster count
 E = Vault monster count
 F = Vault count percentage of total count
                 A         B        C        D         E       F
            +---------+---------+-------+---------+---------+-------
      Total |     111 |       3 |   2.6 |      22 |       2 |   8.3
            +---------+---------+-------+---------+---------+-------
        D:1 |      17 |       0 |   0.0 |       9 |       0 |   0.0
        D:2 |      22 |       0 |   0.0 |       8 |       0 |   0.0
        D:3 |       0 |       3 | 100.0 |       0 |       2 | 100.0
        D:4 |      26 |       0 |   0.0 |       4 |       0 |   0.0
        D:5 |      46 |       0 |   0.0 |       1 |       0 |   0.0
            +---------+---------+-------+---------+---------+-------
